 Dungeon Crawl Stone Soup version 0.29.0-4-gdea44cf6ec (webtiles) character file.

Game seed: 14724784809640546051

27 qw the Sneak (level 3, -4/23 HPs)
             Began as a Gargoyle Delver on Sept 10, 2022.
             Slain by an orc
             ... wielding a +0 war axe
              (6 damage)
             ... on level 4 of the Dungeon.
             The game lasted 00:00:05 (141 turns).

qw the Sneak (Gargoyle Delver)                       Turns: 141, Time: 00:00:06

Health: -4/23      AC:  6    Str: 17    XL:     3   Next: 10%
Magic:  3/3        EV: 11    Int: 10    God:
Gold:   17         SH:  0    Dex: 11    Spells: 2/2 levels left

rFire   . . .      SeeInvis .   Y - +0 hand axe
rCold   . . .      Faith    .   (no shield)
rNeg    + . .      Spirit   .   b - +0 leather armour
rPois   inf        Reflect  .   (no helmet)
rElec   +          Harm     .   (no cloak)
rCorr   .          Rampage  .   (no gloves)
Will    .....                   (no boots)
Stlth   +++.......              (no amulet)
HPRegen 0.07/turn               (no ring)
MPRegen 0.08/turn               (no ring)

@: no status effects
A: sickness immunity, AC +3, negative energy resistance 1, electricity
resistance, torment resistance 1, petrification resistance
a: no special abilities


You were on level 4 of the Dungeon.
You visited 1 branch of the dungeon, and saw 2 of its levels.

You collected 17 gold pieces.


Innate Abilities, Weirdness & Mutations

You are immune to sickness and miasma.
Your stone body is resilient. (AC +3)
You are immune to poison.
You resist negative energy. (rN+)
You are resistant to electric shocks. (rElec)
You are resistant to unholy torment.
You are immune to petrification.


   Skills:
 - Level 3.2 Fighting
 + Level 3.1 Axes
 - Level 1.5 Dodging
 - Level 5.4 Stealth


You had 2 spell levels left.
You didn't know any spells.
Your spell library was empty.

Inventory:

Hand Weapons
 Y - a +0 hand axe (weapon)
Armour
 b - a +0 leather armour (worn)
Wands
 g - a wand of digging (3)
Potions
 a - a potion of curing {unknown}
 f - a potion of haste

Dungeon Overview and Level Annotations

Branches:
Dungeon (5/15)
 Temple: D:4-7

Altars:


Message History

2 orcs come into view.
The orc throws a boomerang.
The boomerang barely misses you.
127 ||| Stepping ~*~*~tactically~*~*~ (stealth).
The orc barely misses you.
You hit the orc but do no damage. The orc hits you with a +0 war axe.
130 ||| Stepping ~*~*~tactically~*~*~ (stealth).
The orc attacks as you move away! The orc closely misses you.
You hit the orc but do no damage. The orc hits you but does no damage.
You barely miss the orc. The orc completely misses you.
You hit the orc.
The orc is heavily wounded.
The orc barely misses you. The orc closely misses you.
You hit the orc but do no damage.
The orc is heavily wounded.
The orc closely misses you.
You barely miss the orc.
The orc is heavily wounded.
The orc hits you with a +0 war axe!
You hit the orc but do no damage.
The orc is heavily wounded.
The orc misses you.
You hit the orc but do no damage.
The orc is heavily wounded.
The orc barely misses you.
You barely miss the orc.
The orc is heavily wounded.
The orc hits you with a +0 war axe.
You hit the orc but do no damage.
The orc is heavily wounded.
The orc barely misses you.
You hit the orc.
The orc is heavily wounded.
The orc hits you with a +0 war axe. The orc hits you with a +0 war axe!
You hit the orc but do no damage.
The orc is heavily wounded.
The orc hits you with a +0 war axe.
You die...

.....# .....####+####
.....#.......#
o:..##.......##
....+.........+
#####...##.........#
#+#..@#'# #...........
##.....o.#####.......##
#...........#.#'#...#'#.
##.........##...#####...
+.........'......#.....
##.......##......#.....
#.......#.......#.....
####+####.......+.....
#.......#.....


You could see an orc.

Vanquished Creatures
  An iguana (D:5)
  An endoplasm (D:4)
2 creatures vanquished.

Notes
Turn   | Place    | Note
-------+----------+-------------------------------------------
     0 | D:5      | qw the Gargoyle Delver began the quest for the Orb.
     0 | D:5      | Reached XP level 1. HP: 14/14 MP: 1/1
     0 | D:5      | 0 ||| qw: Version: 0.1-a-116-g5d60599
     0 | D:5      | 0 ||| qw: Game counter: 8932
     0 | D:5      | 0 ||| qw: Always use a shield: true
     0 | D:5      | 0 ||| qw: God list: Okawaru
     0 | D:5      | 0 ||| qw: Allow faded altars: false
     0 | D:5      | 0 ||| qw: Do Orc after D:15 true
     0 | D:5      | 0 ||| qw: Do second Lair branch before Depths: true
     0 | D:5      | 0 ||| qw: Lair rune preference: random
     0 | D:5      | 0 ||| qw: Plans: Normal
     0 | D:5      | 0 ||| PLANNING D:1-11
    19 | D:5      | Noticed an iguana
    20 | D:5      | 20 ||| READING scroll labelled DUALUA XA QECSAU.
    34 | D:5      | Killed an iguana
    35 | D:5      | Reached skill level 3 in Axes
    35 | D:5      | Reached XP level 2. HP: 19/19 MP: 2/2
    35 | D:5      | Reached XP level 3. HP: 23/23 MP: 3/3
    35 | D:5      | 35 ||| DROPPING scroll of fog.
    36 | D:5      | 36 ||| DROPPING scroll of magic mapping.
    37 | D:5      | 37 ||| DROPPING scroll of fear.
   123 | D:4      | 123 ||| Stepping ~*~*~tactically~*~*~ (stealth).
   127 | D:4      | 127 ||| Stepping ~*~*~tactically~*~*~ (stealth).
   130 | D:4      | 130 ||| Stepping ~*~*~tactically~*~*~ (stealth).
   140 | D:4      | HP: 2/23 [orc/+0 war axe (8)]
   141 | D:4      | Slain by an orc

Levels and vault maps discovered:
D:4:      nicolae_cairo_tiling_very_big, layout_basic,
          minmay_temple_entry_glass, serial_shops, shop
D:5:      layout_basic, grunt_gozag_statues, saegor_snake_ambush

Skill      XL: |  1 |
---------------+----+-----
Axes           | 3 |  3.1
Fighting       | |  3.2
Dodging        | |  1.5
Stealth        | |  5.4

Action                   || total
-------------------------++-------
Melee: Hand axe          ||    15
       Punch             ||     1
  Use: Scroll            ||     1
Armor: Leather armour    ||     1
Dodge: Dodged            ||    12

Table legend:
 A = Non-vault XP
 B = Vault XP
 C = Vault XP percentage of total XP
 D = Non-vault monster count
 E = Vault monster count
 F = Vault count percentage of total count
                 A         B        C        D         E       F
            +---------+---------+-------+---------+---------+-------
      Total |      39 |       0 |   0.0 |       2 |       0 |   0.0
            +---------+---------+-------+---------+---------+-------
        D:4 |       2 |       0 |   0.0 |       1 |       0 |   0.0
        D:5 |      37 |       0 |   0.0 |       1 |       0 |   0.0
            +---------+---------+-------+---------+---------+-------
